 Dungeon Crawl Stone Soup version 0.27-a0-1036-g8e1b44f6bd (webtiles) character file.

Game seed: 8981491295488940848

0 spiderkeys the Skirmisher (level 1, -7/18 HPs)
             Began as a Demonspawn Abyssal Knight on Apr 18, 2021.
             Was a Follower of Lugonu.
             Mangled by a raiju (8 damage)
             ... on level 2 of the Abyss.
             The game lasted 00:00:39 (233 turns).

spiderkeys the Skirmisher (DsAK)                     Turns: 233, Time: 00:00:40

Health: -7/18      AC:  3    Str: 12    XL:     1   Next: 0%
Magic:  2/2        EV: 11    Int: 13    God:    Lugonu [*.....]
Gold:   9          SH:  0    Dex: 12    Spells: 0/0 levels left

rFire    . . .     SeeInvis .   a - +1 spear
rCold    . . .     Faith    .   (no shield)
rNeg     . . .     Spirit   .   b - +0 leather armour
rPois    .         Reflect  .   (no helmet)
rElec    .         Harm     .   (no cloak)
rCorr    .         Rampage  .   (no gloves)
Will     .....                  (no boots)
Stlth    +.........             (no amulet)
HPRegen  0.06/turn              (no ring)
MPRegen  0.08/turn              (no ring)

@: no status effects
A: no striking features
a: Renounce Religion, Depart the Abyss


You were on level 2 of the Abyss.
You worshipped Lugonu.
Lugonu was aware of your devotion.
You visited 0 branches of the dungeon, and saw 0 of its levels.
You visited the Abyss 1 time.

You collected 9 gold pieces.


   Skills:
 + Level 3.0 Fighting
 + Level 1.7 Polearms
 + Level 1.7 Armour
 + Level 0.8 Dodging
 + Level 2.4 Invocations


You couldn't memorise any spells.
You didn't know any spells.
Your spell library was empty.

Inventory:

Hand Weapons
 a - a +1 spear (weapon)
Missiles
 e - 17 arrows
 f - 19 bolts
Armour
 b - a +0 leather armour (worn)
Jewellery
 C - a ring of protection from cold
   (You found it on level 2 of the Abyss)
Wands
 g - a wand of mindburst (13)
   (You found it on level 2 of the Abyss)
Potions
 c - a potion of curing {@q1}
 d - a potion of attraction {unknown}

Dungeon Overview and Level Annotations

Branches:
Dungeon (0/15)

Altars:

#....### .# ###..
# ## #.....# #.#
# #....###.#
####.#
#..##...###.....#
##...#......#.#..
#.#.##.#......#
#.#....h....#...
.. ##3.v@......#
##.#5..5...#.....
###ยง.#....# ##..
#...##.### ##..
### . . #.


You could see a will-o-the-wisp, a raiju, a ynoxinul and 2 ufetubi.


Message History

๐Ÿค– Initializing magus.rc ... โœ… Successfully initialized magus.rc [v1.9.10] Welcome, spiderkeys the Demonspawn Abyssal Knight.
The bosom of this dungeon contains the transcendent artefact, the Orb of Zot.
Lugonu says: Depart the Abyss and spread corruption, my servant! (use the ability menu to exit the Abyss) Press ? for a list of commands and other information.
Found a corrupted altar of Lugonu.
c - a metallic brown potion You are suddenly pulled into a different region of the Abyss!
d - a scroll labelled QAEDOSHR BEHOTZ You see here a +0 dagger.
e - 17 arrows You now have 9 gold pieces.
As you read the scroll labelled QAEDOSHR BEHOTZ, it crumbles to dust.
Magic quickly surges around you.
It was a scroll of vulnerability.
You see here a +0 dagger.
You see here a +0 dagger.
You feel your willpower return.
d - a green potion A tentacled starspawn comes into view.
A tentacled starspawn is nearby!
A tentacle flies out from the starspawn's body!
A starspawn tentacle comes into view.
You hit the starspawn tentacle. The starspawn tentacle misses you.
You hit the starspawn tentacle but do no damage.
The starspawn tentacle closely misses you.
The starspawn tentacle grabs you. The starspawn tentacle constricts you.
A starspawn tentacle comes into view. ๐Ÿ˜• HP[-2]
You take 2 damage, and now have 16/18 hp.
Unknown command.
Unknown command.
You hit the starspawn tentacle but do no damage.
The starspawn tentacle loses its grip on you.
The tentacle pulls you backwards!
No target in view!
No target in view!
No target in view!
No target in view!
A tentacled starspawn is nearby!
A tentacle flies out from the starspawn's body!
A starspawn tentacle comes into view.
A starspawn tentacle comes into view.
A tentacle flies out from the starspawn's body!
A starspawn tentacle comes into view.
A starspawn tentacle comes into view.
The starspawn tentacle barely misses you. ๐Ÿ˜• HP[+1]
A tentacle flies out from the starspawn's body!
A starspawn tentacle comes into view.
A jelly comes into view.
A large abomination comes into view. ๐Ÿ˜Ž HP[+1]
Your hp is fully restored (18).
A chaos spawn comes into view.
The chaos spawn gives a hideous shriek!
You hear a bark!
The chaos spawn closely misses you.
You hit the chaos spawn but do no damage.
A raiju comes into view.
The chaos spawn misses you.
Found a robe.
Found two portals.
Why would you want to do that?
There is a gateway leading deeper into the Abyss here.
The chaos spawn completely misses you.
You plunge deeper into the Abyss.
f - 19 bolts You see here a +0 ring mail.
C - a ring of protection from cold
Found a gateway leading out of the Abyss.
g - a scroll labelled ILOUDAODECS
As you read the scroll labelled ILOUDAODECS, it crumbles to dust.
It is a scroll of identify.
c - a potion of curing The will-o-the-wisp gives a chilling moan.
The raiju barks!
The ynoxinul bellows!
The will-o-the-wisp engulfs you!
Ouch! That really hurt!
* * * LOW HITPOINT WARNING * * *
You see here a wand of mindburst (13). ๐Ÿ˜จ HP[-13]
You take 13 damage, and now have 5/18 hp.
MASSIVE DAMAGE!! (PAUSE)
g - a wand of mindburst (13)
The will-o-the-wisp barely misses you.
The ynoxinul gestures.
The raiju bites you.
* * * LOW HITPOINT WARNING * * *
The raiju shocks you!
You die...

Action                   || total
-------------------------++-------
Melee: Spear             ||     4
  Use: Scroll            ||     2
Dodge: Dodged            ||     7

Levels and vault maps discovered:
Abyss:2:  base: Temple, hangedman_cross_veins

Notes
Turn   | Place    | Note
-------+----------+-------------------------------------------
     0 | Abyss:1  | spiderkeys the Demonspawn Abyssal Knight began the quest
                  | for the Orb.
     0 | Abyss:1  | Reached XP level 1. HP: 18/18 MP: 2/2
     0 | Abyss:1  | magus.rc [v1.9.10]
   149 | Abyss:1  | Noticed a tentacled starspawn
   173 | Abyss:1  | Noticed a jelly
   180 | Abyss:1  | Noticed a large abomination
   189 | Abyss:1  | Noticed a chaos spawn
   192 | Abyss:1  | Noticed a raiju
   230 | Abyss:2  | Noticed a will-o-the-wisp
   230 | Abyss:2  | Noticed a raiju
   230 | Abyss:2  | Noticed a ynoxinul
   233 | Abyss:2  | HP: 1/18 [raiju (5)]
   233 | Abyss:2  | Mangled by a raiju

Vanquished Creatures (others)
  8 starspawn tentacles (Abyss:1)
8 creatures vanquished.

Table legend:
 A = Non-vault XP
 B = Vault XP
 C = Vault XP percentage of total XP
 D = Non-vault monster count
 E = Vault monster count
 F = Vault count percentage of total count
                 A         B        C        D         E       F
            +---------+---------+-------+---------+---------+-------
      Total |       0 |       0 |   N/A |       0 |       0 |  -nan
            +---------+---------+-------+---------+---------+-------
            +---------+---------+-------+---------+---------+-------

Illustrated notes

Table legend: (Time is in decaauts)
 A = Elapsed time spent in this place.
 B = Non-inter-level travel time spent in this place.
 C = Inter-level travel time spent in this place.
 D = Time resting spent in this place.
 E = Time spent auto-exploring this place.
 F = Levels seen in this place.
 G = Mean time per level.
                   A        B        C        D        E       F      G
               +--------+--------+--------+--------+--------+-----+--------+
         Total |    232 |    232 |      0 |      0 |    169 |   2 |  116.0 |
         Abyss |    232 |    232 |      0 |      0 |    169 |   2 |  116.0 |
               +--------+--------+--------+--------+--------+-----+--------+

Top non-repeatable levels by time:
 Abyss:1: 199 daAuts
 Abyss:2: 33 daAuts
